 Dungeon Crawl Stone Soup version 0.21-a0-521-g1cd18d1 (webtiles) character file.

365 luca467 the Magician (level 6, -1/41 HPs)
             Began as a Mummy Enchanter on Dec 5, 2017.
             Was an Initiate of Sif Muna.
             Slain by Edmund
             ... wielding a +2 flail of holy wrath
              (5 damage)
             ... on level 4 of the Dungeon.
             The game lasted 00:30:09 (6618 turns).

luca467 the Magician (Mummy Enchanter)              Turns: 6618, Time: 00:30:09

Health: -1/41      AC:  3    Str: 12    XL:     6   Next: 40%
Magic:  8/12       EV: 13    Int: 14    God:    Sif Muna [......]
Gold:   151        SH:  0    Dex: 14    Spells: 10/13 levels left

rFire    x . .     SeeInvis .   i - +1 short sword (speed)
rCold    + . .     Gourm    .   (no shield)
rNeg     + + +     Faith    .   b - +1 robe
rPois    ∞         Spirit   .   (no helmet)
rElec    .         Reflect  .   (no cloak)
rCorr    .         Harm     .   (no gloves)
MR       .....                  (no boots)
Stlth    ++........             (no amulet)
HPRegen  0.13/turn              (no ring)
MPRegen  0.13/turn              (no ring)

@: no status effects
A: no food or potions, fire vulnerability, cold resistance 1, negative energy
resistance 3, torment resistance, unbreathing
a: Renounce Religion


You were on level 4 of the Dungeon.
You worshipped Sif Muna.
Sif Muna was noncommittal.
You were not hungry.

You visited 1 branch of the dungeon, and saw 4 of its levels.

You collected 151 gold pieces.

Inventory:

Hand Weapons
 a - a +1 dagger
 i - a +1 short sword of speed (weapon)
 l - the +10 hunting sling of the Endless Expanse {freeze, rElec}
   (You found it on level 4 of the Dungeon)

   It causes projectiles fired from it to freeze those they strike, causing
   extra injury to most foes and up to half again as much damage against
   particularly susceptible opponents.
   They can also slow down cold-blooded creatures.
   It insulates you from electricity.
Armour
 b - a +1 robe (worn)
 d - a +0 leather armour
Jewellery
 m - an uncursed ring of fire
Scrolls
 e - a scroll of enchant weapon {unknown}
 f - 2 scrolls of amnesia {unknown}
 g - a scroll of immolation {unknown}
 h - a scroll of remove curse
 j - a scroll of identify
 k - 2 scrolls of random uselessness {unknown}
Books
 c - a book of Maledictions

   Spells                             Type                      Level
   a - Corona                         Hexes                        1
   b - Ensorcelled Hibernation        Hexes/Ice                    2
   c - Confuse                        Hexes                        3
   d - Tukima's Dance                 Hexes                        3
   e - Dazzling Spray                 Conjuration/Hexes            3


   Skills:
 * Level 3.2 Short Blades
 + Level 2.6 Dodging
 + Level 3.4 Stealth
 + Level 4.1 Spellcasting
 + Level 3.6 Hexes


You had 10 spell levels left.
You knew the following spells:

 Your Spells              Type           Power        Failure   Level  Hunger
a - Corona                Hex            ##.....      4%          1    N/A
x - Ensorcelled Hibernat  Hex/Ice        #.....       14%         2    N/A

Dungeon Overview and Level Annotations

Branches:
Dungeon (4/15)
 Temple: D:4-7

Altars:
Ashenzari
Elyvilon
Qazlal
Ru
Sif Muna
Trog
Zin

Annotations:
D:4 Edmund


Innate Abilities, Weirdness & Mutations

You do not eat or drink.
Your flesh is vulnerable to fire.
You are immune to poison.
Your flesh is cold resistant. (rC+)
You are immune to negative energy. (rN+++)
You are immune to unholy pain and torment.
You can survive without breathing.


Message History

Edmund is heavily wounded.
Edmund closely misses you.
You hit Edmund.
Edmund is heavily wounded.
You barely miss Edmund.
Edmund is heavily wounded.
Edmund barely misses you.
You hit Edmund.
Edmund is heavily wounded.
Edmund hits you with a flail of holy wrath.
You convulse.
* * * LOW HITPOINT WARNING * * *
You hit Edmund but do no damage.
Edmund is heavily wounded.
You hit Edmund but do no damage.
Edmund is heavily wounded.
Edmund hits you with a flail of holy wrath.
* * * LOW HITPOINT WARNING * * *
You convulse.
You die...

#......# #......# #......#
##......#########################
.................................
#################################
#################################
...............@@....!...........
#.###############################
........##### .............
.........### .........#
.........### #.######.#<# #.#
#.#.#


You could see Edmund.

Vanquished Creatures
  2 iguanas (D:4)
  2 orc wizards
  Jessica (D:1)
  8 adders
  2 river rats (D:3)
  An ooze (D:2)
  4 worms
  A dart slug (D:1)
  3 leopard geckos
  19 orcs
  8 bats
  6 giant cockroaches
  10 goblins
  10 hobgoblins
  4 jackals (D:3)
  6 kobolds
  3 ball pythons (D:3)
  8 frilled lizards
  7 rats
105 creatures vanquished.

Notes
Turn   | Place    | Note
-------+----------+-------------------------------------------
     0 | D:1      | luca467 the Mummy Enchanter began the quest for the Orb.
     0 | D:1      | Reached XP level 1. HP: 13/13 MP: 4/4
   150 | D:1      | Reached skill level 1 in Short Blades
   393 | D:1      | Reached XP level 2. HP: 15/19 MP: 3/5
   453 | D:1      | Learned a level 2 spell: Ensorcelled Hibernation
  1067 | D:1      | Reached skill level 3 in Spellcasting
  1577 | D:1      | Reached XP level 3. HP: 23/24 MP: 4/7
  1726 | D:2      | Noticed Jessica
  1733 | D:1      | Killed Jessica
  1842 | D:1      | Reached XP level 4. HP: 21/30 MP: 3/8
  2517 | D:2      | Found a bloodstained altar of Trog.
  2518 | D:2      | Found a white marble altar of Elyvilon.
  2518 | D:2      | Found a shattered altar of Ashenzari.
  2519 | D:2      | Found a stormy altar of Qazlal.
  2818 | D:2      | Found a deep blue altar of Sif Muna.
  2839 | D:2      | Became a worshipper of Sif Muna the Loreminder
  3145 | D:2      | Reached XP level 5. HP: 31/35 MP: 1/10
  5183 | D:3      | Reached XP level 6. HP: 41/41 MP: 8/11
  5678 | D:3      | Reached skill level 4 in Spellcasting
  6074 | D:4      | Found a glowing silver altar of Zin.
  6433 | D:4      | Got a shimmering hunting sling
  6434 | D:4      | Identified the +10 hunting sling of the Endless Expanse {freeze, rElec} (You found it on level 4 of the Dungeon)
  6439 | D:4      | Found a sacrificial altar of Ru.
  6505 | D:4      | Noticed Edmund
  6618 | D:4      | Slain by Edmund

Vault maps used:
D:1:      nicolae_arrival_washed_ashore
D:2:      old_standard_altar, chequers_temple_overflow_statue_of_worship,
          minmay_close_crescents, uniq_jessica
D:3:      portal_sewer_entry_e, first_bread
D:4:      overflow_temple_1_default, overflow_temple_1_default, uniq_edmund

Skill      XL: |  1  2  3  4  5  6 |
---------------+-------------------+-----
Short Blades   | 1 2 3 |  3.2
Spellcasting   | 3 4 |  4.1
Hexes          | 3 |  3.6
Dodging        | 2 |  2.6
Stealth        | 3 |  3.4

Action                   |  1- 3 |  4- 6 || total
-------------------------+-------+-------++-------
Melee: Dagger            |    64 |   154 ||   218
       Short sword       |       |    49 ||    49
 Cast: Corona            |    12 |     8 ||    20
       Ensorcelled Hiber |    20 |   117 ||   137
  Use: Scroll            |     1 |     2 ||     3
 Stab: Sleeping          |    15 |    65 ||    80
Armor: Robe              |    12 |    40 ||    52
Dodge: Dodged            |    51 |   140 ||   191

Table legend:
 A = Spawn XP
 B = Non-spawn XP
 C = Spawn XP percentage of total XP
 D = Spawn monster count
 E = Non-spawn monster count
 F = Spawn count percentage of total count
 G = Total turns spent on level
                    A         B        C        D         E        F      G
               +---------+---------+-------+---------+---------+-------+---------
         Total |       0 |     522 |   0.0 |       0 |     105 |   0.0 |  6618
               +---------+---------+-------+---------+---------+-------+---------
           D:1 |       0 |     127 |   0.0 |       0 |      33 |   0.0 |  2570
           D:2 |       0 |     145 |   0.0 |       0 |      29 |   0.0 |  1278
           D:3 |       0 |     171 |   0.0 |       0 |      41 |   0.0 |  1934
           D:4 |       0 |      79 |   0.0 |       0 |       2 |   0.0 |   836
               +---------+---------+-------+---------+---------+-------+---------
